 Dungeon Crawl Stone Soup version 0.27-a0-46-g34d46f0a3f (webtiles) character file.

Game seed: 6925562346632215963

566365 wythoutpain the Hoplite (level 24, -3/233 HPs)
             Began as a Minotaur Berserker on Jan 1, 2021.
             Was the Champion of Trog.
             Slain by a vampire knight
             ... wielding a +0 glaive
              (4 damage)
             ... while paralysed by a vampire knight
             ... on level 3 of the Crypt on Jan 7, 2021.
             The game lasted 08:11:41 (69417 turns).

wythoutpain the Hoplite (Minotaur Berserker)       Turns: 69417, Time: 08:11:42

Health: -3/233     AC: 33    Str: 32    XL:     24   Next: 94%
Magic:  31/31      EV:  2    Int:  7    God:    Trog [******]
Gold:   3300       SH:  0    Dex: 19    Spells: 23/23 levels left

rFire    + + +     SeeInvis +   a - +9 eveningstar (holy)
rCold    . . .     Faith    .   E - +4 kite shield
rNeg     + + +     Spirit   .   k - +5 pearl dragon scales
rPois    .         Reflect  +   R - +2 hat {Int+3}
rElec    +         Harm     .   s - +2 cloak
rCorr    .         Rampage  .   U - +1 pair of gloves
Will     .....                  N - +1 pair of boots "Vapeir" {rN++ MP+9}
Stlth    ++........             z - amulet "Sulaus" {Reflect rF+++ rN+++ Int-2 Dex-3 SH+5}
HPRegen  0.48/turn              T - ring "Foedd" {+Fly rElec rN+ Slay+4}
MPRegen  0.22/turn              V - ring "Minem" {Str+6 Dex+6 SInv}

@: paralysed, weak-willed, berserk cooldown, slowed, studying Long Blades
A: retaliatory headbutt, horns 2
}: 4/15 runes: serpentine, barnacled, silver, abyssal
a: Renounce Religion, Evoke Flight, Berserk, Trog's Hand, Brothers in Arms


You were on level 3 of the Crypt.
You worshipped Trog.
Trog was exalted by your worship.
You visited 9 branches of the dungeon, and saw 43 of its levels.
You visited the Abyss 4 times.
You visited 1 bazaar.
You also visited: Sewer and Gauntlet.

You collected 6019 gold pieces.
You spent 2719 gold pieces at shops.

Inventory:

Hand Weapons
 a - a +9 eveningstar of holy wrath (weapon)
 d - a +4 vorpal mace
 r - the +8 mithril axe "Arga" {speed, Will+}
   (You took it off a deep elf high priest on level 3 of the Elven Halls)

   Attacks with this weapon are significantly faster.
   It affects your willpower, your defense against some magical effects.
 D - a +3 demon blade of draining
 F - a +4 demon trident of flaming
Missiles
 q - 2 throwing nets
 y - 12 poisoned darts
 A - 2 curare-tipped darts
Armour
 k - +5 pearl dragon scales (worn)
 s - a +2 cloak (worn)
 E - a +4 kite shield (worn)
 N - the +1 pair of boots "Vapeir" (worn) {rN++ MP+9}
   (You found it on level 3 of the Elven Halls)

   It greatly protects you from negative energy.
   It affects your magic capacity (+9).
 R - a +2 hat of intelligence (worn)
 U - a +1 pair of gloves (worn)
Jewellery
 o - a +4 ring of slaying {unknown}
 z - the amulet "Sulaus" (around neck) {Reflect rF+++ rN+++ Int-2 Dex-3 SH+5}
   (You bought it in a shop on level 4 of the Snake Pit)

   [amulet of reflection]

   It shields you and reflects attacks.
   It affects your intelligence (-2).
   It affects your dexterity (-3).
   It renders you almost immune to fire.
   It renders you almost immune to negative energy.
   It affects your SH (+5).
 T - the ring "Foedd" (left hand) {+Fly rElec rN+ Slay+4}
   (You found it in a Gauntlet)

   [ring of slaying]

   It affects your accuracy and damage with ranged weapons and melee attacks
   (+4).
   It insulates you from electricity.
   It protects you from negative energy.
   It lets you fly.
 V - the ring "Minem" (right hand) {Str+6 Dex+6 SInv}
   (You found it in a Gauntlet)

   [ring of dexterity]

   It affects your strength (+6).
   It affects your dexterity (+6).
   It lets you see invisible.
Wands
 m - a wand of flame (17)
 w - a wand of disintegration (42) (quivered)
 C - a wand of paralysis (21)
 K - a wand of digging (4)
 S - a wand of acid (17)
 Y - a wand of iceblast (47)
Scrolls
 b - a scroll of summoning
 e - a scroll of acquirement
 g - 6 scrolls of blinking
 i - 2 scrolls of identify
 p - 9 scrolls of fear
 t - a scroll of holy word
 u - 22 scrolls of teleportation
 M - 3 scrolls of remove curse
 O - a scroll of brand weapon
Potions
 h - 5 potions of resistance
 j - 18 potions of curing
 l - a potion of flight
 n - 4 potions of cancellation
 v - 2 potions of heal wounds
 x - 8 potions of haste
 B - 5 potions of invisibility
 J - 12 potions of lignification
 Q - 10 potions of might
Books
 I - a manual of Long Blades
Miscellaneous
 c - a box of beasts
 f - a condenser vane
 G - a phantom mirror
 L - a tin of tremorstones (2/2)
 P - a phial of floods


   Skills:
 + Level 22.4 Fighting
 + Level 22.7(24.6) Axes
 + Level 15.4(20.7) Maces & Flails
 + Level 10.8(18.1) Polearms
 + Level 4.1 Throwing
 + Level 16.6 Armour
 + Level 12.7 Dodging
 + Level 5.1 Stealth
 + Level 25.5 Shields
 + Level 11.7 Evocations


You had 23 spell levels left.
You didn't know any spells.
Your spell library was empty.

Dungeon Overview and Level Annotations

Branches:
Dungeon (15/15)            Temple (1/1) D:5            Lair (6/6) D:9
 Shoals (4/4) Lair:3        Snake (4/4) Lair:3        Slime (0/5) Lair:5
    Orc (2/2) D:11            Elf (3/3) Orc:2        Vaults (5/5) D:14
  Crypt (3/3) Vaults:2       Tomb (0/3) Crypt:3      Depths (0/5) D:15
  Sewer (visited)         Gauntlet (visited)

Altars:
Ashenzari
Cheibriados
Dithmenos
Elyvilon
Fedhas
Gozag
Hepliaklqana
Kikubaaqudgha
Makhleb
Nemelex Xobeh
Okawaru
Qazlal
Ru
Sif Muna
Trog
Uskayaw
Vehumet
Wu Jian
Xom
Yredelemnul
Zin
The Shining One
Beogh
Lugonu

Shops:
D:11 (   Orc:2 :[(?   Elf:3 =   Snake:2 !(   Snake:4 =   Vaults:1 *
Vaults:2 [

Portals:
Abyss: Orc:2

Annotations:
Lair:5 exclusion: 3 oklob plants


Innate Abilities, Weirdness & Mutations

You reflexively headbutt those who attack you in melee.
You have a pair of horns on your head.


Message History

The snapping turtle zombie misses you.
Okay, then.
You feel much better.
You block the skeletal warrior's attack.
The vampire knight casts a spell at you.
You suddenly lose the ability to move!
The skeletal warrior hits you with a +0 halberd!!
* * * LOW HITPOINT WARNING * * *
The skeletal warrior hits you but does no damage.
The vampire knight hits you with a +0 glaive!!
* * * LOW HITPOINT WARNING * * *
The vampire knight bites you.
* * * LOW HITPOINT WARNING * * *
The snapping turtle zombie bites you from afar.
* * * LOW HITPOINT WARNING * * *
The skeletal warrior hits you but does no damage.
The vampire knight hits you with a +0 glaive.
* * * LOW HITPOINT WARNING * * *
The vampire knight bites you.
You die...

......... .' .#.......#..#
.............+
..#.......#..###
.............'.#
..#.......#..# ......ZzV....+
..#...z)@.#..###
......))[....'.# ####
....#.).#....### ...### ..
#...##⌠..# .....#
####...###### .....#
.............#
.....###..#########..#
.......#.............#
..)....######.#.##############


You could see a vampire knight (fast, invisible), 2 skeletal warriors and a
snapping turtle zombie.

Vanquished Creatures
  Frederick (Vaults:5)
  The ghost of Hali the Executioner, a veteran FoFi of Dithmenos (Crypt:1)
  Xtahua (Vaults:5)
  A bone dragon (Crypt:2)
  A hellephant (D:14)
  3 deep elf blademasters
  4 tentacled monstrosities (Vaults:5)
  5 liches
  2 quicksilver dragons (Vaults:4)
  2 deep elf master archers (Elf:3)
  3 titans (Vaults:5)
  2 tentacled starspawn (Abyss:3)
  4 sphinxes
  4 ancient champions
  A kraken (Shoals:4)
  Agnes (Elf:1)
  Gastronok (D:9)
  4 shadow dragons
  8 nagarajas
  Donald (Elf:2)
  3 tengu reavers
  The ghost of Witt the Fighter, an adept GrFi of Ashenzari (Shoals:3)
  The ghost of Teecetos the Severer, an adept FoWn of the Shining One (Shoals:1)
  4 revenants
  6 fire giants
  12 vault wardens
  3 frost giants
  Ilsuiw (Shoals:2)
  Louise (Snake:2)
  7 deep elf sorcerers
  A caustic shrike zombie (Crypt:2)
  2 curse skulls
  5 deep elf elementalists
  3 reapers
  12 ironheart preservers
  8 ghouls
  16 very ugly things
  2 war gargoyles
  13 vampire knights
  12 stone giants
  An entropy weaver (Vaults:2)
  10 deep elf demonologists
  4 deep elf annihilators
  A minotaur (Gauntlet)
  7 ettins
  8 deep elf death magi
  6 eidola
  4 fire dragons
  A crystal guardian (Vaults:4)
  3 merfolk javelineers
  7 jiangshi
  Snorg (Lair:3)
  3 rakshasas
  7 merfolk impalers
  13 yaktaur captains
  5 deep elf high priests
  2 great orbs of eyes
  Harold (D:7)
  Erolcha (Orc:2)
  8 hydras
  The ghost of ardl the Cruncher, a journeyman BaHu of Ru (D:10)
  29 vault guards
  4 quicksilver dragon skeletons (Crypt:2)
  A catoblepas (D:14)
  9 centaur warriors
  An alligator snapping turtle (Shoals:2)
  9 boulder beetles
  13 naga warriors
  3 ice dragons
  17 anacondas
  5 merfolk avatars
  2 satyrs
  33 dancing weapons
  5 death knights
  5 merfolk aquamancers (Shoals:4)
  A deep troll earth mage (Vaults:2)
  4 tengu warriors
  4 hell hogs
  13 ogre magi
  16 death yaks
  40 two-headed ogres
  A deep troll shaman (Vaults:4)
  7 thrashing horrors
  11 naga sharpshooters
  4 spriggan berserkers (Elf:1)
  11 vampire magi
  8 shock serpents
  A titan zombie (Crypt:3)
  3 soul eaters
  14 deep elf knights
  An orc high priest (Orc:2)
  Nergalle (D:12)
  9 salamander mystics
  Sonja (Lair:3)
  A fire crab (shapeshifter) (Vaults:4)
  A sixfirhy (Abyss:2)
  5 wretched stars
  35 skeletal warriors
  A spatial maelstrom (Abyss:2)
  4 shadow wraiths
  14 sea snakes
  An unseen horror (D:13)
  8 hell knights (Crypt:2)
  8 deep trolls
  10 flayed ghosts
  A swamp dragon (Lair:6)
  19 deep elf archers
  3 wizards
  6 naga ritualists
  20 phantasmal warriors
  5 glowing orange brains
  4 bog bodies
  51 harpies
  The ghost of dolemite99 the Chopper, a novice DDFi of Makhleb (D:5)
  A lindwurm (shapeshifter) (D:13)
  A necromancer (Crypt:1)
  71 deep elf magi
  10 ironbrand convokers
  5 lindwurms
  13 orc knights
  A wolf spider zombie (D:14)
  18 ugly things
  A frost giant zombie (Crypt:3)
  4 orc sorcerers
  A moth of wrath (shapeshifter) (Abyss:3)
  8 cyclopes
  A will-o-the-wisp (Abyss:3)
  A salamander (shapeshifter) (D:15)
  5 salamanders
  21 manticores
  A faun (shapeshifter) (Abyss:3)
  2 worldbinders
  4 wolf spiders
  A moth of wrath (Shoals:3)
  8 mana vipers
  13 fauns
  A stone giant zombie (Crypt:3)
  12 large abominations
  An elephant (shapeshifter) (D:14)
  9 guardian serpents
  5 water nymphs
  A fire giant zombie (Crypt:3)
  5 elephants (Lair:6)
  5 centaur zombies
  A black mamba (shapeshifter) (Vaults:4)
  33 black mambas
  6 merfolk sirens
  2 smoke demons
  2 water nymphs (shapeshifter)
  An apocalypse crab (Abyss:2)
  2 gargoyles
  A guardian serpent (shapeshifter) (Vaults:1)
  25 naga magi
  Maurice (D:8)
  A frost giant skeleton (Crypt:3)
  4 torpor snails (Lair:6)
  10 vault sentinels
  Maggie (D:10)
  10 cane toads
  3 centaur skeletons
  A dire elephant skeleton (Crypt:2)
  A minotaur zombie (Gauntlet)
  An efreet (D:15)
  A yellow draconian zombie (Crypt:3)
  13 komodo dragons
  36 yaktaurs
  19 freezing wraiths
  9 rime drakes
  A rime drake (shapeshifter) (Vaults:2)
  An ice devil (Gauntlet)
  A harpy zombie (D:14)
  6 small abominations
  17 merfolk
  A queen bee (shapeshifter) (D:13)
  9 trolls
  3 polar bears
  A jumping spider (shapeshifter) (Vaults:4)
  2 ancient zymes
  A polar bear (shapeshifter) (Elf:1)
  A wolf spider simulacrum (D:15)
  A black draconian skeleton (Crypt:3)
  2 hydra zombies
  9 hornets
  5 tyrant leeches
  A tyrant leech (shapeshifter) (Vaults:5)
  A hornet (shapeshifter) (Abyss:3)
  21 slime creatures
  16 blink frogs
  4 dream sheep (Shoals:4)
  5 wind drakes
  8 air elementals
  2 human simulacra
  A slime creature (shapeshifter) (Vaults:5)
  An ice dragon skeleton (Crypt:2)
  11 snapping turtles
  5 fire dragon skeletons (Crypt:2)
  2 redbacks (Vaults:2)
  14 wraiths
  A shapeshifter (Vaults:1)
  A spriggan (shapeshifter) (Vaults:5)
  10 water elementals
  5 shadows
  10 flying skulls
  56 yaks
  5 wyverns
  An alligator skeleton (Crypt:2)
  A black mamba skeleton (Crypt:2)
  4 fire bats (Abyss:2)
  3 fire elementals (Elf:3)
  A ynoxinul (Abyss:2)
  A basilisk (shapeshifter) (Vaults:1)
  11 basilisks
  2 chaos spawn (Abyss:3)
  A steam dragon (Lair:6)
  3 neqoxecs
  5 vampire mosquitoes
  4 acid dragons
  6 wargs
  A soldier ant (D:12)
  4 swamp worms (Gauntlet)
  39 nagas
  Duvessa (D:4)
  A water moccasin (shapeshifter) (Vaults:2)
  17 hell hounds
  A faun skeleton (Crypt:1)
  23 water moccasins
  A cane toad zombie (Crypt:1)
  A deep troll skeleton (Crypt:3)
  51 orc warriors
  4 phantoms
  A swamp drake (Lair:6)
  7 ice beasts
  3 black bears
  A necrophage (Crypt:2)
  2 sky beasts (D:14)
  8 boggarts
  2 eyes of draining
  27 centaurs
  A hog zombie (Crypt:1)
  21 wolves
  27 ogres
  A yaktaur zombie (Crypt:1)
  2 big kobolds
  A palentonga zombie (Crypt:3)
  29 bullfrogs
  An elf skeleton (Crypt:3)
  4 earth elementals
  A gnoll sergeant (D:10)
  Dowan (D:4)
  3 scorpions
  A spriggan zombie (Crypt:1)
  10 wights
  6 electric eels (D:12)
  2 howler monkeys (D:6)
  A crimson imp (D:2)
  8 hounds
  33 starcursed masses
  3 bullfrog skeletons
  5 jellies
  2 quasits
  36 orc priests
  An iron imp (Abyss:2)
  4 hell rats (Lair:6)
  6 iguanas
  16 worker ants
  35 orc wizards
  A worker ant (shapeshifter) (Vaults:3)
  2 killer bee zombies
  A hound zombie (D:7)
  An ogre skeleton (Crypt:3)
  A felid skeleton (Crypt:2)
  3 hound skeletons
  A worker ant zombie (D:10)
  15 gnolls
  17 adders
  A shadow imp (D:6)
  6 white imps
  An ufetubus (Abyss:3)
  An adder skeleton (D:7)
  A lava snake skeleton (Crypt:3)
  3 worms
  2 dart slugs (D:2)
  10 leopard geckos
  125 orcs
  A bat skeleton (Crypt:1)
  8 giant cockroaches
  4 goblins
  7 hobgoblins
  18 jackals
  A quokka (D:3)
  2 ball pythons
  15 bats
  A dart slug zombie (Crypt:2)
  9 frilled lizards
  A giant cockroach zombie (Crypt:1)
  A gnoll skeleton (Crypt:3)
  A jackal skeleton (D:6)
  12 kobolds
  8 rats
  A rat skeleton (Crypt:1)
  2 bushes
  2 lurking horrors (Orc:2)
  3 starspawn tentacles (Abyss:3)
2184 creatures vanquished.

Vanquished Creatures (collateral kills)
  Saint Roka (Snake:3)
  Polyphemus (Shoals:4)
  A tengu reaver (Vaults:5)
  An orc warlord (Orc:2)
  A deep elf sorcerer (Elf:3)
  A very ugly thing (Vaults:5)
  A deep elf demonologist (Elf:3)
  A deep elf death mage (Elf:3)
  A merfolk javelineer (Shoals:4)
  5 merfolk impalers
  A deep elf high priest (Vaults:5)
  2 vault guards (Vaults:5)
  A catoblepas (Shoals:4)
  A satyr (Shoals:4)
  A merfolk aquamancer (Shoals:4)
  An orc high priest (Orc:2)
  2 death yaks (Shoals:4)
  A dancing weapon (Elf:3)
  3 sea snakes (Shoals:4)
  A deep elf archer (Elf:3)
  An orc knight (Orc:2)
  A deep elf mage (Elf:3)
  3 manticores (Shoals:4)
  A merfolk siren (Shoals:4)
  A cane toad (Lair:6)
  A troll (Orc:2)
  3 merfolk (Shoals:4)
  4 dream sheep (Lair:6)
  2 snapping turtles (Shoals:4)
  2 water elementals
  A water moccasin (Lair:6)
  4 orc warriors
  2 orc wizards
  4 orcs
  A crawling corpse (Elf:3)
59 creatures vanquished.

Vanquished Creatures (others)
  A merfolk aquamancer (Shoals:4)
  A two-headed ogre (Vaults:5)
  A death yak (Shoals:4)
  A thrashing horror (Abyss:2)
  A swamp dragon (shapeshifter) (Abyss:3)
  A deep elf mage (Elf:2)
  An ugly thing (Vaults:5)
  A vault sentinel (Vaults:5)
  2 nagas
  A centaur (Vaults:1)
  An earth elemental (Elf:3)
  6 bushes
  14 demonic plants (Abyss:2)
  2 foxfires (Abyss:3)
  39 fungi
  A lurking horror (Orc:2)
  112 plants
  5 starspawn tentacles (Abyss:3)
  4 tentacles (Shoals:4)
  26 withered plants (Crypt:3)
221 creatures vanquished.

Grand Total: 2464 creatures vanquished

Notes
Turn   | Place    | Note
-------+----------+-------------------------------------------
     0 | D:1      | wythoutpain the Minotaur Berserker began the quest for the
                  | Orb.
     0 | D:1      | Reached XP level 1. HP: 19/19 MP: 0/0
   460 | D:1      | Reached XP level 2. HP: 22/27 MP: 1/1
  1039 | D:2      | Reached XP level 3. HP: 26/33 MP: 2/2
  1246 | D:2      | Reached ** piety under Trog
  1333 | D:2      | Reached XP level 4. HP: 40/41 MP: 3/3
  1896 | D:2      | Found a burning altar of Makhleb.
  2206 | D:3      | Reached XP level 5. HP: 37/47 MP: 4/4
  2331 | D:3      | Reached skill level 5 in Axes
  2331 | D:3      | Reached skill level 1 in Shields
  2613 | D:3      | Reached *** piety under Trog
  2823 | D:3      | Found a glowing drain.
  2830 | Sewer    | Entered a sewer
  2883 | Sewer    | Noticed a water moccasin
  2890 | Sewer    | Killed a water moccasin
  2891 | Sewer    | Reached skill level 5 in Fighting
  2891 | Sewer    | Reached XP level 6. HP: 36/56 MP: 5/5
  3582 | D:3      | Reached skill level 1 in Stealth
  3979 | D:4      | Reached skill level 2 in Shields
  3979 | D:4      | Reached XP level 7. HP: 61/61 MP: 6/6
  4178 | D:4      | Noticed Dowan
  4180 | D:4      | Noticed Duvessa
  4199 | D:4      | Killed Duvessa
  4200 | D:4      | Reached skill level 5 in Dodging
  4205 | D:4      | Killed Dowan
  4694 | D:5      | Entered Level 5 of the Dungeon
  4717 | D:5      | Reached **** piety under Trog
  4725 | D:5      | Reached skill level 3 in Shields
  4882 | D:5      | Reached XP level 8. HP: 70/70 MP: 7/7
  5146 | D:5      | Reached skill level 1 in Throwing
  5347 | D:5      | Found a staircase to the Ecumenical Temple.
  5359 | D:5      | Got a spiked ring mail
  5414 | D:5      | Reached skill level 5 in Armour
  5419 | D:5      | Identified the cursed +1 ring mail of the Evening Star {rF+
                  | Int+4 SInv} (You found it on level 5 of the Dungeon)
  5842 | D:5      | Noticed dolemite99's ghost (novice DDFi)
  5843 | D:5      | Found a runed translucent door.
  5878 | D:5      | Killed dolemite99's ghost
  5879 | D:5      | Reached skill level 4 in Shields
  5911 | D:5      | Got an ichor-stained trident
  5912 | D:5      | Identified the +0 trident "Spider's Demise" {vorpal, Dex+3}
                  | (You found it on level 5 of the Dungeon)
  6190 | D:6      | Reached XP level 9. HP: 60/78 MP: 8/8
  6196 | D:6      | Reached skill level 1 in Polearms
  7089 | D:7      | Reached skill level 5 in Polearms
  7148 | D:7      | Noticed Harold
  7164 | D:7      | Killed Harold
  7511 | D:7      | Reached ***** piety under Trog
  7820 | D:8      | Reached XP level 10. HP: 86/86 MP: 9/9
  8257 | D:8      | Noticed Maurice
  8266 | D:8      | Killed Maurice
  8587 | D:9      | Found a staircase to the Lair.
  8598 | D:9      | Reached skill level 5 in Shields
  9179 | D:9      | Noticed Gastronok
  9208 | D:9      | Killed Gastronok
  9209 | D:9      | Reached skill level 6 in Shields
  9549 | D:10     | Entered Level 10 of the Dungeon
  9561 | Lair:1   | Entered Level 1 of the Lair of Beasts
  9594 | Lair:1   | Found a gate leading to a gauntlet.
  9609 | Lair:1   | Noticed an eight-headed hydra
  9618 | Gauntlet | Entered a Gauntlet
  9618 | Gauntlet | Found a transporter.
  9618 | Gauntlet | Found a transporter.
  9623 | Gauntlet | Found a transporter.
  9638 | Gauntlet | Found a transporter.
  9658 | Gauntlet | Noticed a queen ant
  9660 | Gauntlet | Found a transporter.
  9667 | Gauntlet | Found a transporter.
  9747 | Gauntlet | Noticed a death ooze
  9755 | Gauntlet | Found a transporter.
  9770 | Gauntlet | Found a transporter.
  9784 | Gauntlet | Found a transporter.
  9797 | Gauntlet | Found a transporter.
  9801 | Gauntlet | Noticed a death scarab
  9814 | Gauntlet | Found a transporter.
  9814 | Gauntlet | Noticed a death scarab
  9881 | Gauntlet | Found a transporter.
  9893 | Gauntlet | Found a transporter.
  9901 | Gauntlet | Found a transporter.
  9925 | Gauntlet | Found a transporter.
  9935 | Gauntlet | Found a transporter.
  9992 | Gauntlet | Got a brightly glowing graven amulet
 10003 | Gauntlet | Identified the amulet "Soytzioxyo" {Acrobat rElec rPois}
                  | (You found it in a Gauntlet)
 10048 | Gauntlet | Reached XP level 11. HP: 95/95 MP: 10/10
 10057 | Gauntlet | Reached skill level 10 in Polearms
 10066 | Gauntlet | Got a scorched turquoise ring
 10073 | Gauntlet | Identified the ring "Foedd" {+Fly rElec rN+ Slay+4} (You
                  | found it in a Gauntlet)
 10421 | Gauntlet | Got a transparent steel ring
 10423 | Gauntlet | Identified the ring "Minem" {Str+6 Dex+6 SInv} (You found
                  | it in a Gauntlet)
 10439 | Gauntlet | Reached skill level 1 in Evocations
 10488 | Gauntlet | Noticed a minotaur
 10547 | Gauntlet | Killed a minotaur
 10948 | Gauntlet | Got a jewelled whip
 11108 | Temple   | Entered the Ecumenical Temple
 11353 | Temple   | Identified the +3 whip "Xaiwut" {speed, rElec rPois Dex+4}
                  | (You found it in a Gauntlet)
 11608 | Lair:1   | Killed an eight-headed hydra
 11608 | Lair:1   | Received a gift from Trog
 11609 | Lair:1   | Reached skill level 7 in Shields
 11749 | Lair:1   | Noticed an eight-headed hydra
 11757 | Lair:1   | Killed an eight-headed hydra
 12215 | Lair:1   | Got a shimmering long sword
 12216 | Lair:1   | Identified the +8 long sword "Anuinkecha" {freeze, MP+9}
                  | (You found it on level 1 of the Lair of Beasts)
 12500 | Lair:2   | Reached skill level 8 in Shields
 12510 | Lair:2   | Reached skill level 10 in Axes
 12799 | Lair:2   | Reached XP level 12. HP: 95/105 MP: 11/11
 13305 | Lair:2   | Received a gift from Trog
 13338 | Lair:2   | Noticed a six-headed hydra
 13350 | Lair:2   | Killed a six-headed hydra
 13351 | Lair:2   | Reached skill level 9 in Shields
 13775 | Lair:3   | Noticed Sonja
 13779 | Lair:3   | Killed Sonja
 14263 | Lair:3   | Noticed Snorg
 14269 | Lair:3   | Killed Snorg
 14361 | Lair:3   | Reached skill level 1 in Maces & Flails
 14376 | Lair:3   | Reached skill level 5 in Evocations
 14558 | Lair:3   | Found a staircase to the Snake Pit.
 14608 | Lair:3   | Found a staircase to the Shoals.
 14624 | Lair:3   | Reached skill level 10 in Fighting
 14684 | Lair:3   | Identified a scroll of acquirement
 14684 | Lair:3   | Acquired the +1 plate armour "Farr" {rN++ Str+3 Int-4}
 15457 | Lair:3   | You fall into a shaft and drop 1 floor!
 17046 | Lair:5   | Found a staircase to the Slime Pits.
 17272 | Lair:5   | Reached XP level 13. HP: 81/113 MP: 12/12
 17677 | Lair:5   | Received a gift from Trog
 17681 | Lair:5   | Reached skill level 10 in Shields
 18358 | Lair:6   | Entered Level 6 of the Lair of Beasts
 18643 | Lair:6   | HP: 5/115 [death yak (17)]
 19472 | Lair:6   | Reached XP level 14. HP: 124/124 MP: 13/13
 19527 | Lair:6   | Reached skill level 15 in Axes
 20982 | Lair:6   | Reached skill level 10 in Armour
 21045 | Lair:6   | Received a gift from Trog
 21186 | Lair:6   | Found a runed translucent door.
 21492 | Lair:6   | Reached skill level 11 in Shields
 21765 | Lair:6   | Upgraded the game from 0.26-a0-1222-g14533b3512 to
                  | 0.27-a0-3-gcf006a40f5
 22804 | Snake:1  | Entered Level 1 of the Snake Pit
 23616 | Snake:1  | Reached skill level 5 in Maces & Flails
 24057 | Snake:2  | Noticed Louise
 24058 | Snake:2  | Cast into level 3 of the Abyss (Louise)
 24116 | Abyss:3  | Reached XP level 15. HP: 132/132 MP: 14/14
 24193 | Abyss:3  | Reached skill level 12 in Shields
 24224 | Abyss:3  | Received a gift from Trog
 24242 | Abyss:3  | Noticed a tentacled starspawn
 24246 | Snake:2  | Escaped the Abyss
 24271 | Snake:2  | Killed Louise
 24788 | Snake:2  | Found Ruriomm's Distillery.
 24792 | Snake:2  | Found Uqahupn's Weapon Emporium.
 25419 | Snake:2  | Bought a potion of curing for 54 gold pieces
 25419 | Snake:2  | Bought a potion of might for 72 gold pieces
 25419 | Snake:2  | Bought a potion of heal wounds for 90 gold pieces
 25419 | Snake:2  | Bought a potion of heal wounds for 90 gold pieces
 25945 | Snake:3  | Noticed Saint Roka
 25963 | Snake:3  | Killed Saint Roka
 25971 | Snake:3  | Noticed a nagaraja
 25994 | Snake:3  | Killed a nagaraja
 26577 | Snake:3  | Reached skill level 13 in Shields
 26599 | Snake:3  | Noticed a nagaraja
 26614 | Snake:3  | Killed a nagaraja
 26939 | Snake:3  | Reached skill level 10 in Evocations
 27346 | Snake:4  | Entered Level 4 of the Snake Pit
 27373 | Snake:4  | Reached skill level 10 in Maces & Flails
 27496 | Snake:4  | Reached XP level 16. HP: 79/141 MP: 15/15
 27499 | Snake:4  | Received a gift from Trog
 27920 | Snake:4  | Found Nuot's Jewellery Boutique.
 27929 | Snake:4  | Got a brightly glowing war axe {god gift}
 27930 | Snake:4  | Identified the +8 war axe of Trog's Scorn {vorpal, Str+5
                  | Stlth-} (Trog gifted it to you on level 4 of the Snake Pit)
 27942 | Snake:4  | Bought the amulet "Sulaus" {Reflect rF+++ rN+++ Int-2 Dex-3
                  | SH+5} for 1237 gold pieces
 28923 | Snake:4  | Reached skill level 14 in Shields
 29452 | Snake:4  | Received a gift from Trog
 29671 | Snake:4  | Got a serpentine rune of Zot
 30494 | D:10     | Found a large runed translucent door.
 30504 | D:10     | Found a large runed translucent door.
 30504 | D:10     | Noticed ardl's ghost (journeyman BaHu)
 30515 | D:10     | Killed ardl's ghost
 30741 | D:10     | Found a glowing golden altar of the Shining One.
 30852 | D:10     | Noticed Maggie
 30857 | D:10     | Killed Maggie
 30858 | D:10     | Reached skill level 15 in Shields
 31194 | D:11     | Reached XP level 17. HP: 150/150 MP: 16/16
 31503 | D:11     | Found a staircase to the Orcish Mines.
 31515 | D:11     | Found Lonigg's Weapon Emporium.
 31737 | D:11     | Received a gift from Trog
 31913 | D:12     | Noticed Nergalle
 31923 | D:12     | Killed Nergalle
 32934 | Orc:1    | Entered Level 1 of the Orcish Mines
 32941 | Orc:1    | Found an iron altar of Okawaru.
 33287 | Orc:1    | You fall into a shaft and drop 1 floor!
 33287 | Orc:2    | Entered Level 2 of the Orcish Mines
 33332 | Orc:2    | Reached ****** piety under Trog
 33337 | Orc:2    | Received a gift from Trog
 33393 | Orc:2    | Found a roughly hewn altar of Beogh.
 33408 | Orc:2    | Found Mocij's Book Shoppe.
 33462 | Orc:2    | Found a corrupted altar of Lugonu.
 33462 | Orc:2    | Found a one-way gate to the infinite horrors of the Abyss.
 34134 | Orc:2    | Noticed Erolcha
 34139 | Orc:2    | Killed Erolcha
 34263 | Orc:2    | Found a roughly hewn altar of Beogh.
 34264 | Orc:2    | Found Cudett's Magic Scroll Emporium.
 34287 | Orc:2    | Bought a scroll of fear for 49 gold pieces
 34381 | Orc:2    | Found a staircase to the Elven Halls.
 34522 | Orc:2    | Lost intelligence.
 34662 | Orc:2    | Found Naosumischi's Antique Weapon Emporium.
 34663 | Orc:2    | Found a roughly hewn altar of Beogh.
 34664 | Orc:2    | Found Wet Ycko's Antique Armour Shoppe.
 34868 | Orc:2    | Found a roughly hewn altar of Beogh.
 34911 | Orc:2    | Found a roughly hewn altar of Beogh.
 36064 | D:13     | Received a gift from Trog
 36264 | D:13     | Reached skill level 16 in Shields
 36285 | D:13     | Got a scorched ring mail
 36458 | D:13     | Identified the cursed +0 ring mail of the Abyss {rF+ Str+3
                  | Int+4} (You found it on level 13 of the Dungeon)
 36493 | D:14     | Found a huge runed gate.
 36495 | D:14     | Found a huge runed gate.
 36495 | D:14     | Found a huge runed gate.
 36496 | D:14     | Found a huge runed gate.
 36496 | D:14     | Found a huge runed gate.
 36497 | D:14     | Found a huge runed gate.
 36498 | D:14     | Found a huge runed gate.
 36654 | D:14     | You fall into a shaft and drop 1 floor!
 36654 | D:15     | Entered Level 15 of the Dungeon
 37347 | D:15     | Received a gift from Trog
 37590 | D:15     | Found a staircase to the Depths.
 37819 | D:14     | Reached XP level 18. HP: 157/162 MP: 17/17
 37848 | D:14     | Found a huge runed gate.
 37848 | D:14     | Found a huge runed gate.
 37848 | D:14     | Found a huge runed gate.
 37849 | D:14     | Found a huge runed gate.
 37849 | D:14     | Found a huge runed gate.
 37852 | D:14     | Found a huge runed gate.
 37855 | D:14     | Found a huge runed gate.
 37855 | D:14     | Found a huge runed gate.
 37857 | D:14     | Found a huge runed gate.
 37865 | D:14     | Found a huge runed gate.
 37865 | D:14     | Found a huge runed gate.
 37866 | D:14     | Found a huge runed gate.
 37866 | D:14     | Found a huge runed gate.
 37868 | D:14     | Found a huge runed gate.
 37869 | D:14     | Found a huge runed gate.
 37920 | D:14     | Found a huge runed gate.
 37921 | D:14     | Found a huge runed gate.
 37921 | D:14     | Found a huge runed gate.
 37921 | D:14     | Found a huge runed gate.
 37922 | D:14     | Found a huge runed gate.
 37922 | D:14     | Found a huge runed gate.
 37922 | D:14     | Found a huge runed gate.
 37939 | D:14     | Found a gate to the Vaults.
 37941 | D:14     | Reached skill level 15 in Fighting
 38099 | D:14     | Found a huge runed gate.
 38101 | D:14     | Found a huge runed gate.
 38102 | D:14     | Found a huge runed gate.
 38324 | D:14     | Reached skill level 17 in Shields
 38690 | D:14     | Found a huge runed gate.
 38702 | D:14     | Found a huge runed gate.
 38768 | D:14     | Noticed a hellephant
 38797 | D:14     | Killed a hellephant
 38797 | D:14     | Received a gift from Trog
 39303 | Elf:1    | Entered Level 1 of the Elven Halls
 39317 | Elf:1    | Found Puge's Gadget Shoppe.
 39864 | Elf:1    | Found a bloodstained altar of Trog.
 39959 | Elf:1    | Received a gift from Trog
 40246 | Elf:1    | Noticed Agnes
 40256 | Elf:1    | Killed Agnes
 40938 | Elf:2    | Found a huge runed translucent gate.
 40938 | Elf:2    | Found a huge runed translucent gate.
 40938 | Elf:2    | Found a huge runed translucent gate.
 40939 | Elf:2    | Found a huge runed translucent gate.
 40940 | Elf:2    | Found a huge runed translucent gate.
 41015 | Elf:2    | Received a gift from Trog
 41045 | Elf:2    | Noticed Donald
 41279 | Elf:2    | Killed Donald
 41319 | Elf:2    | Reached skill level 18 in Shields
 41546 | Elf:2    | Reached XP level 19. HP: 172/172 MP: 18/18
 41994 | Elf:3    | Entered Level 3 of the Elven Halls
 42125 | Elf:3    | Found Tovamoxt's Jewellery Emporium.
 42320 | Elf:3    | Received a gift from Trog
 43037 | Elf:3    | Cast into level 3 of the Abyss (a deep elf sorcerer)
 43056 | Abyss:3  | Paralysed by accursed screaming for 2 turns
 43067 | Abyss:3  | Received a gift from Trog
 43073 | Abyss:3  | Got an abyssal rune of Zot
 43226 | Elf:3    | Escaped the Abyss
 43468 | Elf:3    | Got a pair of spiked boots
 43474 | Elf:3    | Identified the +1 pair of boots "Vapeir" {rN++ MP+9} (You
                  | found it on level 3 of the Elven Halls)
 43566 | Elf:3    | Identified Rezocie's Guide on Black Arts and Ignition
 43568 | Elf:3    | Got a translucent trident
 43573 | Elf:3    | Identified the +12 trident "Impslayer" {protect, rC+++
                  | Will- Str+5} (You found it on level 3 of the Elven Halls)
 43588 | Elf:3    | Got a faintly humming leather armour
 43616 | Elf:3    | Reached skill level 19 in Shields
 43761 | Elf:3    | Found the +7 pair of quick blades "Gyre" and "Gimble"
                  | {protect}
 44246 | Temple   | Identified the +1 leather armour of the King of the Hill
                  | {Will+} (You found it on level 3 of the Elven Halls)
 44678 | Elf:3    | Got a faintly glowing leather armour
 44713 | Elf:3    | Identified the cursed +0 leather armour of Elyvilon's Fury
                  | {Regen+ Dex+2 Stlth+} (You found it on level 3 of the Elven
                  | Halls)
 45239 | Shoals:1 | Entered Level 1 of the Shoals
 45490 | Shoals:1 | Reached skill level 15 in Armour
 45872 | Shoals:1 | Found a runed translucent gate.
 45872 | Shoals:1 | Found a runed translucent gate.
 45873 | Shoals:1 | Found a runed translucent gate.
 45891 | Shoals:1 | Noticed Teecetos's ghost (adept FoWn)
 45949 | Shoals:1 | Killed Teecetos's ghost
 45950 | Shoals:1 | Reached XP level 20. HP: 132/184 MP: 19/19
 46305 | Shoals:2 | Received a gift from Trog
 46358 | Shoals:2 | Noticed Ilsuiw
 46380 | Shoals:2 | Killed Ilsuiw
 47146 | Shoals:3 | Found a transporter.
 47217 | Shoals:3 | Noticed Witt's ghost (adept GrFi)
 47218 | Shoals:3 | Found a transporter.
 47223 | Shoals:3 | Found a bloodstained altar of Trog.
 47223 | Shoals:3 | Identified the +2 trident of Rosecyl {antimagic, Dex+5}
 47223 | Shoals:3 | Identified the +1 trident "Uqae" {antimagic, Stlth+}
 47319 | Shoals:3 | Got an ancient hat
 47330 | Shoals:3 | Identified the +2 hat of the Other Side {SInv} (You found
                  | it on level 3 of the Shoals)
 47998 | Shoals:3 | Got a slimy bone ring
 48209 | Shoals:3 | Received a gift from Trog
 48275 | Shoals:3 | Reached skill level 20 in Shields
 48459 | Shoals:3 | Identified the ring "Fohixtox" {Str+4 Int+6}
 48532 | Shoals:3 | Killed Witt's ghost
 48933 | Temple   | Identified the ring "Leklarr" {*Corrode Will+ Dex+7 Stlth+}
                  | (You found it on level 3 of the Shoals)
 49219 | Shoals:4 | Entered Level 4 of the Shoals
 49245 | Shoals:4 | Found a flickering gateway to a bazaar.
 49249 | Shoals:4 | Noticed Polyphemus
 49552 | Shoals:4 | Reached skill level 10 in Dodging
 49571 | Shoals:4 | Killed Polyphemus
 50070 | Bazaar   | Entered a bazaar
 50070 | Bazaar   | Found Hioh's Assorted Antiques.
 50230 | Bazaar   | Found Gityj's Antique Weapon Boutique.
 50260 | Bazaar   | Found Etoyduots's Antique Weapon Boutique.
 50263 | Bazaar   | Found Effiti Mepo's Distillery.
 50265 | Bazaar   | Bought a pitted hunting sling for 130 gold pieces
 50269 | Bazaar   | Found Nus Bisy's Book Shoppe.
 50270 | Bazaar   | Identified the +8 hunting sling "Qoolecad" {freeze, +Blink
                  | Will++ Dex+3 Stlth-} (You bought it in a shop in a bazaar)
 50274 | Bazaar   | Bought a potion of heal wounds for 50 gold pieces
 50921 | Shoals:4 | Found the +3 warlock's mirror {reflect}
 50977 | Shoals:4 | Received a gift from Trog
 51143 | Shoals:4 | Got a barnacled rune of Zot
 51188 | Shoals:4 | Got a smoking short sword
 51189 | Shoals:4 | Identified the +10 short sword "Riviolui" {vorpal, rF+
                  | Int+2 Dex+3} (You found it on level 4 of the Shoals)
 51794 | Temple   | Upgraded the game from 0.27-a0-3-gcf006a40f5 to
                  | 0.27-a0-13-g87abb2d9eb
 51996 | Vaults:1 | Entered Level 1 of the Vaults
 52237 | Vaults:1 | Found Iqathior's General Store.
 52251 | Vaults:1 | Bought a scroll of fear for 70 gold pieces
 52302 | Vaults:1 | Reached skill level 21 in Shields
 52531 | Vaults:1 | Received a gift from Trog
 52532 | Vaults:1 | Reached XP level 21. HP: 194/194 MP: 20/20
 53347 | Vaults:2 | Reached skill level 5 in Stealth
 53992 | Vaults:2 | Found Titsadal's Armour Boutique.
 54091 | Vaults:2 | Found a staircase to the Crypt.
 54139 | Vaults:2 | Received a gift from Trog
 54845 | Vaults:2 | Upgraded the game from 0.27-a0-13-g87abb2d9eb to
                  | 0.27-a0-29-g2d0a2396b0
 55600 | Vaults:3 | Paralysed by a wizard for 2 turns
 56174 | Vaults:3 | Reached skill level 22 in Shields
 57056 | Vaults:4 | Paralysed by an ogre mage for 3 turns
 57064 | Vaults:4 | Reached XP level 22. HP: 162/206 MP: 21/21
 57533 | Vaults:4 | Received a gift from Trog
 58232 | Vaults:4 | Received a gift from Trog
 58906 | Vaults:5 | Entered Level 5 of the Vaults
 58939 | Vaults:5 | Reached skill level 23 in Shields
 58958 | Vaults:5 | Noticed Frederick
 58976 | Vaults:5 | Received a gift from Trog
 58980 | Vaults:5 | Killed Frederick
 59473 | Vaults:5 | Reached XP level 23. HP: 218/218 MP: 22/22
 59480 | Vaults:5 | Noticed Xtahua
 59494 | Vaults:5 | Paralysed by Xtahua for 5 turns
 59494 | Vaults:5 | Identified the +10 lajatang "Ybbu Bou" {freeze, rF+ rC+
                  | Will- Str+4 Dex+3}
 59499 | Vaults:5 | Identified the +3 short sword "Lilymij" {flame, Int+4}
 59501 | Vaults:5 | Killed Xtahua
 59501 | Vaults:5 | Cast into level 2 of the Abyss (a deep elf sorcerer)
 59777 | Vaults:5 | Escaped the Abyss
 60512 | Vaults:5 | Cast into level 2 of the Abyss (a deep elf sorcerer)
 60661 | Abyss:2  | Found a radiant altar of Vehumet.
 60706 | Abyss:2  | Received a gift from Trog
 60805 | Abyss:2  | Paralysed by accursed screaming for 1 turns
 60811 | Abyss:2  | Paralysed by accursed screaming for 2 turns
 60904 | Vaults:5 | Escaped the Abyss
 61208 | Vaults:5 | Received a gift from Trog
 62230 | Vaults:5 | Reached skill level 24 in Shields
 62734 | Vaults:5 | Identified the +1 chain mail of Indomitability {rCorr}
 63580 | Vaults:5 | Got a silver rune of Zot
 63757 | Vaults:5 | Upgraded the game from 0.27-a0-29-g2d0a2396b0 to
                  | 0.27-a0-34-gc18c9092ac
 64437 | Vaults:5 | Got a scorched dagger
 64525 | Vaults:5 | Got a crystal shortbow
 64993 | D:11     | Bought the +10 hand crossbow of Governance {venom, Dex+3}
                  | for 877 gold pieces
 64994 | D:11     | Identified the +5 dagger "Ydoina" {antimagic, +Rage Dex+3}
                  | (You found it on level 5 of the Vaults)
 65000 | D:11     | Identified the cursed +3 shortbow of Okawaru's Pride
                  | {vorpal, rF+ rN+++ Will+ Int-5} (You found it on level 5 of
                  | the Vaults)
 66053 | Crypt:1  | Entered Level 1 of the Crypt
 66343 | Crypt:1  | Received a gift from Trog
 66354 | Crypt:1  | Reached XP level 24. HP: 160/231 MP: 22/22
 66717 | Crypt:1  | Found a runed translucent door.
 66851 | Crypt:1  | Noticed Hali's ghost (veteran FoFi)
 67482 | Crypt:1  | Killed Hali's ghost
 67578 | Crypt:2  | Received a gift from Trog
 68268 | Crypt:2  | Reached skill level 25 in Shields
 68501 | Crypt:2  | Received a gift from Trog
 68713 | Crypt:3  | Entered Level 3 of the Crypt
 69108 | Crypt:3  | Reached skill level 15 in Maces & Flails
 69281 | Crypt:3  | Found a staircase to the Tomb.
 69316 | Crypt:3  | Upgraded the game from 0.27-a0-34-gc18c9092ac to
                  | 0.27-a0-46-g34d46f0a3f
 69348 | Crypt:3  | Received a gift from Trog
 69406 | Crypt:3  | Paralysed by a vampire knight for 7 turns
 69416 | Crypt:3  | Paralysed by a vampire knight for 3 turns
 69416 | Crypt:3  | HP: 9/233 [vampire knight/+0 glaive (25)]
 69416 | Crypt:3  | HP: 4/233 [vampire knight/+0 glaive (5)]
 69417 | Crypt:3  | HP: 1/233 [vampire knight/+0 glaive (2)]
 69417 | Crypt:3  | Slain by a vampire knight

Illustrated notes

Levels and vault maps discovered:
D:1:      tarquinn_simple_flora_water_b, layout_loops_ring,
          nrook_mini_backslash, minmay_pentomino_w2
D:2:      layout_loops_corners, makhleb_grotto_becter,
          kennysheep_cross_bottleneck
D:3:      layout_basic, gup_sewer_entry_bubbles
D:4:      layout_loops_ring, uniq_duvessa
D:5:      layout_cave_pods, minmay_temple_entry_glass, gammafunk_ghost_grave,
          nrook_uturn
D:6:      layout_rooms
D:7:      layout_rooms, patterned_corridor, uniq_harold
D:8:      layout_loops_ring, uniq_maurice
D:9:      layout_basic, david_lair_generic, uniq_gastronok
D:10:     layout_layer_cave, ebering_ghost_disaster_area, tso_altar, uniq_maggie
D:11:     layout_basic, orc_david_3, kb_lookout_dungeons_type
D:12:     layout_basic, uniq_nergalle
D:13:     minmay_sliced_demisemicircle, layout_basic
D:14:     nzn_winding_woodlands_cross [nzn_winding_woodlands_5x15_sidewinder,
          nzn_winding_woodlands_5x15_jagged,
          nzn_winding_woodlands_5x15_river_crossing,
          nzn_winding_woodlands_5x15_default,
          nzn_winding_woodlands_15x15_boxy_spiral], layout_basic,
          lightli_vaults_fourway_checkpoint, grunt_ministairs_9,
          not_door_vault_due
D:15:     grunt_enter_depths_hoard, layout_loops_corners, serial_park_square2
Temple:   nicolae_temple_the_god_donut
Lair:1:   layout_gridlike, gauntlet_entry_generic
Lair:2:   layout_loops_ring, grunt_megastairs_4, infiniplex_staircase_pool
Lair:3:   layout_layer_cave, minmay_shoals_entry_centaurs,
          minmay_snake_entry_six_corridors, uniq_snorg, uniq_sonja
Lair:4:   layout_gridlike
Lair:5:   layout_cave_shapes, minmay_slime_entry_oklob_open
Lair:6:   guppyfry_lair_end_dragon, layout_loops_ring, wormcave
Shoals:1: layout_shoals, ebering_ghost_rock_garden
Shoals:2: layout_shoals, uniq_ilsuiw
Shoals:3: layout_shoals, gammafunk_ghost_wrathful_warriors
Shoals:4: shoals_end_simple, layout_shoals, serial_shops, bzr_entry_gold,
          uniq_polyphemus
Snake:1:  layout_misc_corridors
Snake:2:  layout_grid_shapes, minmay_shop_star, uniq_louise
Snake:3:  layout_chambers, lemuel_fruit_tree, grunt_megastairs_2,
          uniq_saint_roka
Snake:4:  snake_pit_salamanders_mu, layout_grid_shapes,
          minmay_shop_enchanted_jewellery
Orc:1:    layout_diamond_mine, okawaru_metal_pillars_1_2
Orc:2:    grunt_orc_community_town_hall, layout_diamond_mine,
          grunt_orc_community_big_house_2, grunt_orc_community_big_house_1,
          grunt_orc_community_house_3, grunt_orc_community_house_2,
          grunt_orc_community_house_1, grunt_orc_community_house_3,
          grunt_orc_community_house_1, grunt_orc_community_house_2,
          amcnicky_altar_lugonu_corruption, uniq_erolcha
Elf:1:    layout_geoelf_octagon, serial_shops, shop_statue,
          hangedman_elven_crosses_minicolossus, evilmike_spriggan_trog_shrine,
          uniq_agnes
Elf:2:    layout_gridlike, grunt_ministairs_4, uniq_donald
Elf:3:    elf_hall_gauntlet_wide, layout_onion_city, serial_shops,
          nicolae_shop_trees, grunt_ministairs_2
Vaults:1: nicolae_vaults_network_periphery, st_more_cells,
          vaults_dpeg_encased_lava, vaults_dpeg_doors, ontoclasm_vaults_spin,
          vaults_room_fancy_cross, hangedman_vaults_nails, v_pattern_1,
          vaults_room_pool, vaults_mumra_minichess_inversion, vaults_dpeg_ring,
          layout_vaults_chaotic_city, serial_shops,
          nicolae_shop_temple_entry_statues_fountains
Vaults:2: hangedman_vaults_stitches, minmay_crypt_entry_nasty_monster,
          nicolae_vaults_three_branches, nicolae_vaults_stairing_the_circle,
          nicolae_vaults_big_angled_halls, nicolae_vaults_shelves_hall,
          vaults_room_pools, vaults_standard_mumra_lines, v_rooms_1,
          hangedman_vaults_slice, layout_vaults_omnibox, serial_shops,
          nicolae_shop_trees
Vaults:3: vaults_mumra_hexcomb, nicolae_vaults_arrows, vaults_room_hallway,
          vaults_room_corners, v_misc_22, vaults_room_corners, vaults_room_grid,
          layout_vaults_quadrants, uniq_margery
Vaults:4: v_misc_19, grunt_vaults_twisty, ontoclasm_vaults_claustrophobia,
          hangedman_vaults_impose, v_alt_pattern_4, v_pattern_5,
          vaults_mumra_minichess, vaults_room_fours, ontoclasm_vaults_eye,
          vaults_room_grunt_arrival_ludios, ontoclasm_vaults_gateway,
          v_alt_pattern_4, vaults_room_grid, st_lattice, serial_ice_h,
          layout_vaults_ring
Vaults:5: uniq_xtahua, uniq_frederick
Crypt:1:  layout_gridlike, ebering_ghost_reflecting_pool, evilmike_ambush
          [evilmike_ambush_outer_pillars, evilmike_ambush_inner_wall_1],
          grunt_crypt_arrival_split
Crypt:2:  cheibrodos_crypt_draghalla, layout_misc_corridors
Crypt:3:  church_of_pain_bobbens, layout_chaotic_city,
          tomb_entry_forgotten_bobbens

Skill      XL: |  1  2  3  4  5  6  7  8  9 10 11 12 13 14 15 16 17 18 19 20 21 22 23 24 |
---------------+-------------------------------------------------------------------------+-----
Axes           | 4 5 6 7 9 10 12 14 15 17 18 19 20 21 22 | 22.7
Fighting       | 4 5 6 7 8 9 10 11 12 13 14 16 17 18 19 20 21 22 | 22.4
Dodging        | 3 4 5 6 7 8 9 10 11 12 | 12.7
Shields        | 1 2 3 4 6 8 9 10 11 13 15 16 18 19 21 22 23 24 25 | 25.5
Stealth        | 1 2 3 4 5 |  5.1
Armour         | 4 6 7 8 9 10 11 12 13 14 15 16 | 16.6
Throwing       | 1 2 3 4 |  4.1
Polearms       | 7 9 10 | 10.8
Evocations     | 3 5 7 8 10 11 | 11.7
Maces & Flails | 1 6 10 11 12 15 | 15.4

Action                   |  1- 3 |  4- 6 |  7- 9 | 10-12 | 13-15 | 16-18 | 19-21 | 22-24 || total
-------------------------+-------+-------+-------+-------+-------+-------+-------+-------++-------
Melee: Hand axe          |    71 |   170 |    69 |       |       |       |       |       ||   310
       Headbutt          |     7 |    19 |    58 |   131 |   408 |   412 |   374 |   424 ||  1833
       War axe           |       |       |    55 |       |       |   987 |  1105 |   665 ||  2812
       Trident           |       |       |   166 |   243 |       |       |    22 |       ||   431
       Broad axe         |       |       |       |   222 |   255 |       |    14 |       ||   491
       Whip              |       |       |       |    12 |   774 |   321 |       |       ||  1107
       Eveningstar       |       |       |       |       |       |       |       |   574 ||   574
Throw: Boomerang         |       |     1 |     7 |     5 |     4 |    11 |     7 |       ||    35
       Dart              |       |       |       |     7 |       |     7 |    10 |       ||    24
       Javelin           |       |       |       |       |       |       |     3 |       ||     3
Invok: Berserk           |       |       |     1 |     5 |     5 |     4 |     3 |     6 ||    24
       Trog's Hand       |       |       |     1 |     1 |     3 |     4 |     4 |     4 ||    17
       Brothers in Arms  |       |       |       |       |     2 |     2 |     5 |     1 ||    10
 Abil: Evoke Flight      |       |       |       |       |       |     3 |    13 |     1 ||    17
Evoke: Wand              |       |       |       |       |     4 |    28 |     2 |     3 ||    37
       Tin of tremorston |       |       |       |       |       |     2 |     2 |       ||     4
       Condenser vane    |       |       |       |       |       |     1 |       |     1 ||     2
  Use: Scroll            |     5 |     7 |     7 |    16 |     7 |     6 |     6 |     8 ||    62
       Potion            |       |       |       |     2 |     3 |     2 |     3 |     2 ||    12
 Stab: Sleeping          |       |     1 |     2 |     4 |     1 |       |       |       ||     8
       Distracted        |       |       |       |       |     1 |     1 |       |     1 ||     3
       Paralysed         |       |       |       |       |       |     6 |       |       ||     6
       Invisible         |       |       |       |       |       |       |       |     1 ||     1
Armor: Animal skin       |    27 |    26 |       |       |       |       |       |       ||    53
       Scale mail        |       |     5 |    31 |       |       |       |       |       ||    36
       Ring mail         |       |       |    37 |    73 |    31 |       |       |       ||   141
       Plate armour      |       |       |       |       |   115 |   176 |    39 |       ||   330
       Pearl dragon scal |       |       |       |       |       |       |   218 |   300 ||   518
Dodge: Dodged            |    62 |   124 |   126 |   139 |   227 |   218 |   381 |   385 ||  1662
Block: Other             |    12 |    38 |    37 |     1 |       |       |       |       ||    88
       Reflection        |       |     1 |     3 |    18 |    50 |   108 |   182 |    37 ||   399
       Kite shield       |       |       |    11 |   353 |   600 |   920 |  1205 |  1359 ||  4448

Table legend: (Time is in decaauts)
 A = Elapsed time spent in this place.
 B = Non-inter-level travel time spent in this place.
 C = Inter-level travel time spent in this place.
 D = Time resting spent in this place.
 E = Time spent auto-exploring this place.
 F = Levels seen in this place.
 G = Mean time per level.
                   A        B        C        D        E       F      G
               +--------+--------+--------+--------+--------+-----+--------+
         Total |  68641 |  56447 |  12194 |   8139 |  37655 |  50 | 1372.8 |
       Dungeon |  21700 |  14801 |   6899 |    273 |  12060 |  15 | 1446.7 |
        Temple |    998 |    911 |     87 |    215 |    232 |   1 |  998.0 |
          Lair |  11071 |   8772 |   2299 |   1334 |   6157 |   6 | 1845.2 |
        Shoals |   4894 |   4351 |    543 |    852 |   2434 |   4 | 1223.5 |
     Snake Pit |   5698 |   5490 |    208 |   1291 |   3349 |   4 | 1424.5 |
  Orcish Mines |   2464 |   2049 |    415 |    315 |   1232 |   2 | 1232.0 |
   Elven Halls |   4790 |   4502 |    288 |    233 |   3315 |   3 | 1596.7 |
        Vaults |  11191 |   9843 |   1348 |   2091 |   6064 |   5 | 2238.2 |
         Crypt |   2933 |   2830 |    103 |    433 |   1701 |   3 |  977.7 |
         Abyss |    958 |    958 |      0 |    465 |    126 |   4 |  239.5 |
        Bazaar |    228 |    228 |      0 |      0 |    207 |   1 |  228.0 |
         Sewer |    379 |    379 |      0 |      0 |    341 |   1 |  379.0 |
      Gauntlet |   1332 |   1332 |      0 |    634 |    434 |   1 | 1332.0 |
               +--------+--------+--------+--------+--------+-----+--------+

Top non-repeatable levels by time:
Vaults:4: 3675 daAuts
     D:5: 3388 daAuts
     D:9: 2486 daAuts
  Lair:3: 2483 daAuts
  Lair:6: 2293 daAuts
 Snake:3: 2180 daAuts
Vaults:5: 2154 daAuts
Vaults:2: 2107 daAuts
   Elf:3: 2080 daAuts
  Lair:5: 2041 daAuts
Shoals:3: 1940 daAuts
 Snake:4: 1835 daAuts
   Orc:2: 1831 daAuts
Vaults:3: 1753 daAuts
  Lair:2: 1678 daAuts
